 Dungeon Crawl Stone Soup version 0.31-a0-931-g7b59d4eb97 (webtiles) character file.

Game seed: 1656965195012384247

32 jasper the Trooper (level 3, -11/58 HPs)
             Began as an Ogre Fighter on Oct 19, 2023.
             Engulfed by a cloud of flame (15 damage)
             ... on level 1 of the Dungeon.
             The game lasted 00:01:20 (873 turns).

jasper the Trooper (Ogre Fighter)                    Turns: 873, Time: 00:01:21

Health: -11/58     AC: 21    Str: 22    XL:     3   Next: 27%
Magic:  3/3        EV:  1    Int:  9    God:
Gold:   47         SH:  7    Dex:  8    Spells: 2/2 levels left

rFire   . . .        a - +0 war axe
rCold   . . .        c - +0 kite shield
rNeg    . . .        b - melded +0 robe
rPois   +            (helmet currently unavailable)
rElec   .            (cloak currently unavailable)
rCorr   .            (gloves unavailable)
SInv    .            (boots unavailable)
Will    .....        (no amulet)
Stlth   +            (no ring)
HPRegen 0.29/turn    (no ring)
MPRegen 0.08/turn

%: no passive effects
@: tree-form, weak-willed
A: stationary, stasis, torment immunity, boosted hp, large, unfitting armour,
(tough skin 1)
a: no special abilities


You were on level 1 of the Dungeon.
You were a tree.
You visited 1 branch of the dungeon, and saw 1 of its levels.

You collected 47 gold pieces.

Inventory:

Hand Weapons
 a - a +0 war axe (weapon)
Missiles
 j - 12 stones
Armour
 b - a +0 robe (melded)
 c - a +0 kite shield (worn)
Scrolls
 l - a scroll of summoning
Potions
 d - a potion of might
 e - a potion of degeneration
 h - a potion of lignification
 i - a potion of cancellation {unknown}


   Skills:
 - Level 4.0 Fighting
 + Level 3.6 Axes
 - Level 2.6 Dodging
 - Level 3.0 Shields


You had 2 spell levels left.
You didn't know any spells.
Your spell library contained the following spells:

 Spells                   Type           Power      Damage    Failure   Level
 Animate Armour           Summ/Erth      0%         N/A       100%        4
 Summon Lightning Spire   Summ/Air       0%         N/A       100%        4
 Lee's Rapid Deconstruct  Erth           0%         3d4*      100%        5


Dungeon Overview and Level Annotations

Branches:
Dungeon (1/15)

Altars:


Innate Abilities, Weirdness & Mutations

You are a tree.
Your roots penetrate the ground, keeping you stationary.
You cannot be teleported.
You are immune to unholy pain and torment.
Your maximum health is greatly increased.
Your equipment is partially melded.
You are too large for most types of armour.
((You have tough skin. (AC +1)))


Message History

There is a stone staircase leading down here.
Done exploring.
Done exploring.
Done exploring.
The air fills with toxic fumes!
As you read the scroll labelled ROLINT YVYSE, it crumbles to dust.
It was a scroll of poison.
As you read the scroll labelled MIOMASTRIROH, it crumbles to dust.
Magic quickly surges around you.
It was a scroll of vulnerability.
As you read the scroll labelled MYROYW TAOFOLU, it crumbles to dust.
You feel momentarily disoriented.
It was a scroll of revelation.
As you read the scroll labelled PUSKOMI ONNISS, it crumbles to dust.
Wisps of shadow whirl around you...
It was a scroll of summoning.
As you read the scroll labelled JAORCHA EM KOBIOPT, it crumbles to dust.
It is a scroll of identify.
e - a potion of degeneration Your bat is engulfed in poison gas.
Your bat is poisoned.
Your rat is engulfed in poison gas.
Your rat is poisoned.
You kill your rat!
Your rat's corpse dissolves into shadows!
As you read the scroll labelled ILYINGIARA, it crumbles to dust.
The creatures around you are filled with an inner flame!
It was a scroll of immolation.
Your bat's corpse dissolves into shadows!
Your dart slug is engulfed in poison gas.
Your dart slug is poisoned.
Flame seeps out of your dart slug.
Your bat explodes!
The fiery explosion engulfs you!!!
Ouch! That really hurt!
* * * LOW HITPOINT WARNING * * *
You take 37 damage, and have 2/39 hp.
MASSIVE DAMAGE!!
Okay, then.
Okay, then.
It was a potion of lignification.
You turn into a tree.
Your +0 robe melds into your body.
Your roots penetrate the ground.
You are engulfed in blazing flames.
You die...

.......)...# #..#
.#########.######..#####
.# #..######..#####
.########.########.#####
.#≈≈§§≈§≈§≈☼§§≈☼§#.#####
.#§≈≈§§§..§§§§☼☼§#..§###
##§≈§.§§~§§.☼.§§☼#.§§###
#≈...~~~§§§§§§§§#☼§§☼§#
#≈..~~..§§§§§§§♣§§§☼#.#
#≈...~~~§§§§§§w§#§§§#.#
#≈≈....~§§§§☼§§§###☼#.#
#≈§§≈≈...§§≈§§§§###.#.#
#≈§§§≈§≈§§§§§≈☼§###.#.##
#################......##
#..# ##.###.####.....#
#####..#
#.#####.###.....#
..>....# #.# #.........#


You could see a friendly dart slug (summoned, inner flame, poisoned).

Vanquished Creatures
  A dart slug (D:1)
  5 bats (D:1)
  2 endoplasms (D:1)
  2 giant cockroaches (D:1)
  3 goblins (D:1)
  5 hobgoblins (D:1)
  5 ball pythons (D:1)
  A frilled lizard (D:1)
  4 rats (D:1)
28 creatures vanquished.

Notes
Turn   | Place    | Note
-------+----------+-------------------------------------------
     0 | D:1      | jasper the Ogre Fighter began the quest for the Orb.
     0 | D:1      | Reached XP level 1. HP: 24/24 MP: 1/1
   125 | D:1      | Reached XP level 2. HP: 29/32 MP: 2/2
   345 | D:1      | Reached XP level 3. HP: 39/39 MP: 3/3
   873 | D:1      | Engulfed by a cloud of flame

Illustrated notes

Levels and vault maps discovered:
D:1:      dpeg_arrival_shrine, layout_loops_ring, amethyst_killhole,
          minmay_3d_cube

Skill      XL: |  1  2 |
---------------+-------+-----
Axes           | 3 |  3.6
Fighting       | |  4.0
Dodging        | |  2.6
Shields        | |  3.0

Action                     || total
---------------------------++-------
  Melee: War axe           ||    61
    Use: Scroll            ||     6
         Potion            ||     1
   Stab: Sleeping          ||     1
 Armour: Robe              ||    28
         Skin              ||     1
  Dodge: Dodged            ||    25
  Block: Kite shield       ||    32

Table legend: (Time is in decaauts)
 A = Elapsed time spent in this place.
 B = Non-inter-level travel time spent in this place.
 C = Inter-level travel time spent in this place.
 D = Time resting spent in this place.
 E = Time spent auto-exploring this place.
 F = Levels seen in this place.
 G = Mean time per level.
                   A        B        C        D        E       F      G
               +--------+--------+--------+--------+--------+-----+--------+
         Total |    917 |    917 |      0 |      0 |    661 |   1 |  917.0 |
       Dungeon |    917 |    917 |      0 |      0 |    661 |   1 |  917.0 |
               +--------+--------+--------+--------+--------+-----+--------+

Top non-repeatable levels by time:
     D:1: 917 daAuts
